Map: [ESL] Ghost River

Players

Wayne

  • Race: Zerg Zerg
  • Spawn Location: 1:00

ShaDoWn - Winner!

  • Race: Protoss Protoss
  • Spawn Location: 11:00

Event: ESL SC2 Masters 2024 Spring (Regional)

VOD

Have the link to the VOD?

Description

Time

  • Played on: April 16, 2024, 9:40 a.m.
  • Length: 13:35

All games in this series

Show
View Real Time Build Order
Export as new Build Order

Wayne Zerg 

Build Orders: Hatch First, Lurkers 

Get SALT Encoding   

  12  0:00  Drone  
  13  0:12  Overlord  
  13  0:17  Drone  
  14  0:31  Drone x2  
  16  0:48  Hatchery  
  15  0:52  Drone  
  15  0:55  Drone  
  17  0:58  Drone  
  18  1:09  Extractor  
  17  1:13  Spawning Pool  
  17  1:16  Drone  
  17  1:20  Drone  
  18  1:28  Drone  
  19  1:39  Drone  
  20  1:49  Drone  
  21  2:00  Queen x2  
  26  2:01  Zergling x2, Overlord  
  26  2:12  Drone x2  
  26  2:13  Metabolic Boost  
  28  2:22  Zergling x2  
  29  2:23  Drone  
  30  2:34  Hatchery  
  30  2:36  Drone  
  30  2:40  Drone  
  30  2:44  Queen  
  31  2:49  Overlord  
  33  2:52  Drone  
  33  2:55  Drone  
  33  2:57  Zergling x2  
  36  3:06  Queen  
  36  3:07  Zergling x2  
  36  3:08  Zergling x4  
  36  3:11  Overlord  
  41  3:14  Drone  
  41  3:23  Drone x2  
  42  3:27  Drone  
  42  3:29  Drone  
  41  3:36  Drone  
  42  3:41  Queen  
  42  3:45  Drone x2  
  42  3:46  Drone x2  
  48  3:54  Drone  
  48  3:55  Spore Crawler  
  47  3:57  Overlord  
  47  3:58  Drone x2  
  47  3:59  Drone  
  50  4:06  Overlord  
  50  4:07  Drone  
  50  4:08  Drone  
  50  4:12  Spore Crawler  
  50  4:16  Queen  
  51  4:18  Drone  
  51  4:23  Drone x2  
  54  4:24  Drone  
  54  4:25  Drone  
  54  4:26  Drone  
  54  4:30  Drone x2  
  59  4:32  Drone  
  59  4:35  Drone  
  59  4:36  Drone  
  62  4:43  Drone x2  
  64  4:52  Drone x3, Hatchery  
  64  4:55  Zergling x4  
  64  4:59  Zergling x6  
  69  5:01  Overlord  
  69  5:03  Drone  
  69  5:05  Drone  
  69  5:06  Drone  
  70  5:09  Drone  
  70  5:13  Drone x2  
  72  5:20  Lair  
  72  5:21  Evolution Chamber, Roach Warren  
  68  5:22  Drone x4  
  68  5:24  Drone  
  68  5:25  Drone  
  72  5:28  Drone  
  72  5:35  Overlord, Extractor  
  73  5:36  Extractor  
  73  5:37  Spore Crawler, Drone x5  
  73  5:40  Drone  
  76  5:43  Overlord, Drone  
  76  5:47  Zerg Missile Weapons Level 1  
  76  5:48  Drone  
  76  5:49  Extractor  
  77  5:53  Drone  
  77  5:55  Drone x2  
  79  5:57  Drone x4  
  79  6:00  Drone x2  
  79  6:01  Extractor  
  79  6:03  Extractor  
  82  6:10  Drone x4  
  86  6:12  Overlord  
  86  6:13  Roach  
  86  6:14  Overlord  
  86  6:18  Hydralisk Den  
  87  6:19  Roach x3  
  87  6:25  Roach x7  
  103  6:29  Drone  
  104  6:33  Extractor  
  104  6:34  Overlord x2  
  104  6:35  Overseer  
  104  6:37  Overlord  
  103  6:41  Drone x2  
  103  6:42  Drone  
  103  6:43  Roach x3  
  103  6:45  Overlord  
  112  6:48  Overlord  
  112  6:51  Grooved Spines  
  112  6:56  Zergling x12  
  112  6:59  Overlord  
  118  7:02  Overlord  
  118  7:06  Overlord  
  116  7:09  Roach x4  
  124  7:15  Ravager  
  124  7:16  Ravager x2  
  124  7:18  Roach x4  
  132  7:24  Zergling x16  
  132  7:29  Roach x3  
  142  7:31  Infestation Pit  
  142  7:32  Overlord  
  137  7:38  Zergling x14  
  137  7:41  Muscular Augments  
  137  7:42  Overlord  
  139  7:44  Overlord  
  139  7:49  Zergling x10  
  143  7:56  Hydralisk x5  
  147  8:01  Overlord x2  
  147  8:02  Roach  
  147  8:03  Roach x2  
  148  8:07  Roach x2  
  146  8:15  Hydralisk x4  
  146  8:19  Hydralisk x3  
  144  8:20  Hydralisk  
  150  8:27  Zergling x8  
  150  8:32  Extractor, Hive  
  153  8:34  Queen  
  153  8:35  Spine Crawler, Drone  
  153  8:40  Hydralisk  
  153  8:41  Hydralisk x2  
  151  8:47  Overlord x2  
  151  8:49  Roach x2  
  153  8:58  Overlord  
  143  9:04  Hydralisk x6  
  143  9:09  Roach x2  
  152  9:16  Drone  
  146  9:17  Drone x4  
  146  9:22  Roach x4  
  151  9:28  Lurker Den  
  151  9:30  Zergling x4  
  148  9:35  Zergling x4  
  150  9:41  Zergling x10  
  153  9:49  Infestor  
  153  9:50  Hatchery  
  153  9:51  Overlord  
  151  9:54  Roach x2  
  151  9:58  Overlord  
  151  10:00  Zerg Missile Weapons Level 2  
  151  10:04  Hydralisk  
  145  10:08  Hydralisk x2  
  148  10:16  Viper  
  148  10:18  Hydralisk x3  
  157  10:26  Seismic Spines  
  156  10:35  Lurker x3  
  158  10:37  Drone x6  
  158  10:42  Drone x2  
  156  10:53  Lurker  
  156  10:56  Drone x3  
  158  11:07  Viper  
  158  11:11  Lurker  
  162  11:15  Hatchery  
  162  11:16  Drone x2  
  162  11:17  Drone x2  
  162  11:18  Hydralisk x2  
  164  11:23  Adaptive Talons  
  146  11:34  Lurker x3  
  146  11:35  Zergling x16  
  157  11:41  Lurker  
  151  12:00  Hydralisk x6  
  152  12:13  Hatchery  
  147  12:17  Lurker  
  147  12:18  Lurker  
  137  12:32  Hydralisk x3  
  126  12:44  Lurker  
  123  12:47  Drone x3  
  123  12:48  Drone x2, Queen x2  
  132  12:58  Lurker x2  
  134  13:04  Zergling x4  
  131  13:23  Drone x2  
Show
View Real Time Build Order
Export as new Build Order

ShaDoWn Protoss - Winner!

Build Orders: 1 Gate Expand, Oracle Opening 

Get SALT Encoding   

  12  0:01  Probe  
  13  0:12  Pylon  
  13  0:18  Probe (Chrono Boost)  
  15  0:28  Probe (Chrono Boost)  
  15  0:33  Probe (Chrono Boost)  
  16  0:41  Gateway  
  16  0:44  Probe  
  16  0:48  Assimilator  
  17  0:56  Probe  
  18  1:08  Probe  
  19  1:20  Probe  
  20  1:26  Nexus  
  20  1:34  Cybernetics Core  
  20  1:37  Probe  
  21  1:42  Assimilator  
  21  1:50  Probe  
  21  1:54  Pylon  
  22  2:02  Probe  
  23  2:09  Adept (Chrono Boost)  
  23  2:14  Probe  
  26  2:20  Stargate  
  26  2:26  Probe  
  26  2:29  Adept (Chrono Boost)  
  29  2:39  Warp Gate, Probe (Chrono Boost)  
  29  2:41  Probe (Chrono Boost)  
  31  2:51  Probe (Chrono Boost)  
  33  2:52  Adept  
  33  2:54  Probe (Chrono Boost)  
  33  2:56  Probe (Chrono Boost)  
  36  3:02  Probe  
  36  3:04  Oracle (Chrono Boost)  
  37  3:06  Probe  
  37  3:10  Pylon  
  41  3:14  Probe  
  41  3:18  Probe  
  43  3:26  Probe  
  44  3:39  Gateway  
  44  3:40  Oracle (Chrono Boost)  
  44  3:41  Probe  
  44  3:45  Probe  
  49  3:53  Probe, Nexus  
  50  3:57  Pylon  
  50  3:58  Probe  
  51  4:03  Assimilator  
  51  4:06  Probe  
  52  4:10  Probe  
  52  4:12  Oracle (Chrono Boost)  
  52  4:15  Assimilator  
  52  4:16  Pylon  
  56  4:18  Probe  
  56  4:22  Probe  
  58  4:30  Probe  
  59  4:32  Shield Battery  
  59  4:34  Probe  
  59  4:36  Adept  
  59  4:37  Adept  
  64  4:42  Oracle, Probe  
  68  4:46  Probe  
  69  4:54  Probe  
  69  4:59  Twilight Council  
  70  5:00  Forge  
  70  5:04  Probe  
  70  5:06  Probe  
  70  5:11  Probe (Chrono Boost)  
  69  5:16  Probe (Chrono Boost)  
  69  5:18  Probe (Chrono Boost)  
  69  5:20  Protoss Ground Weapons Level 1  
  69  5:23  Probe (Chrono Boost), Gateway  
  69  5:25  Gateway  
  69  5:27  Probe (Chrono Boost), Gateway  
  69  5:28  Stalker x2  
  72  5:29  Probe (Chrono Boost)  
  72  5:30  Blink (Chrono Boost)  
  72  5:31  Probe (Chrono Boost)  
  72  5:32  Probe (Chrono Boost)  
  72  5:34  Probe (Chrono Boost)  
  74  5:37  Probe  
  76  5:44  Gateway  
  76  5:45  Gateway  
  76  5:46  Probe  
  76  5:49  Probe  
  78  5:55  Stalker x2  
  83  5:58  Pylon  
  83  5:59  Pylon  
  83  6:05  Gateway  
  82  6:14  Pylon  
  82  6:19  Nexus  
  82  6:21  Pylon, Stalker x2  
  82  6:22  Stalker  
  82  6:23  Stalker  
  86  6:31  Stalker  
  88  6:39  Stalker x2  
  92  6:48  Pylon  
  92  6:50  Stalker x4  
  100  7:00  Stalker  
  102  7:11  Stalker x3  
  102  7:13  Stalker x4, Gateway  
  116  7:16  Probe  
  117  7:27  Stalker  
  119  7:35  Stalker x3  
  119  7:36  Stalker  
  125  7:38  Probe  
  125  7:39  Probe x2  
  125  7:40  Assimilator  
  125  7:41  Assimilator  
  126  7:50  Stalker x3, Probe  
  133  8:00  Probe  
  134  8:11  Stalker  
  134  8:12  Zealot, Stalker  
  136  8:24  Protoss Ground Weapons Level 2 (Chrono Boost), Probe x2  
  136  8:27  Probe x2  
  136  8:29  Stalker  
  136  8:30  Stalker  
  136  8:33  Pylon x2  
  140  8:35  Shield Battery  
  140  8:36  Photon Cannon  
  140  8:38  Pylon  
  140  8:40  Pylon  
  140  8:49  Probe  
  140  8:51  Pylon, Probe x3  
  140  8:53  Stalker x6  
  155  8:59  Robotics Facility  
  155  9:01  Probe  
  155  9:02  Shield Battery  
  153  9:03  Probe x3  
  153  9:09  Assimilator  
  156  9:10  Assimilator  
  156  9:12  Charge  
  156  9:13  Probe  
  156  9:15  Probe  
  158  9:17  Robotics Facility  
  155  9:24  Adept  
  155  9:25  Adept x2  
  155  9:31  Robotics Facility  
  147  9:45  Immortal (Chrono Boost)  
  147  9:51  Templar Archives  
  151  9:58  Shield Battery  
  147  10:00  Photon Cannon  
  147  10:02  Photon Cannon  
  147  10:05  Immortal (Chrono Boost)  
  141  10:12  Adept x3  
  147  10:17  Shield Battery  
  147  10:18  Psionic Storm  
  155  10:29  Immortal x2 (Chrono Boost)  
  155  10:33  Observer (Chrono Boost)  
  154  10:36  High Templar  
  154  10:37  High Templar x2  
  158  10:46  Immortal  
  148  10:54  Zealot, Stalker x5  
  148  10:56  Immortal  
  162  11:00  Warp Prism  
  164  11:08  Nexus  
  164  11:09  Pylon, Probe x2  
  164  11:11  Zealot x3  
  172  11:18  Zealot x4  
  174  11:25  Observer  
  178  11:35  Zealot x5  
  188  11:41  Shield Battery  
  188  11:43  Photon Cannon, Probe x3  
  188  11:45  Pylon  
  174  11:47  Pylon  
  174  11:50  Pylon, Stalker  
  174  11:51  Pylon, Stalker x3  
  180  11:56  Immortal x2  
  182  12:07  Immortal  
  174  12:14  Zealot x5  
  172  12:34  Observer (Chrono Boost), Immortal (Chrono Boost)  
  172  12:35  Zealot x3, Stalker x4  
  173  12:42  Probe x2  
  167  12:46  Zealot x2  
  175  12:53  Immortal (Chrono Boost)  
  175  12:56  Oracle  
  175  12:57  Zealot x3  
  182  13:08  High Templar x3  
  182  13:09  High Templar x2  
  186  13:18  Dark Shrine  
  182  13:22  Zealot x4  
Tags
 
Add a new tag
Caveats
  • Supply blocks, unpowered buildings, or Contaminate may cause inaccurate times.
  • Supply counts are checked every 10 seconds.